 Dungeon Sprint DCSS version 0.23.2-11-gf996548c65 (webtiles) character file.

Game seed: 15706250523848943371

1506 wilfster70 the Unseen (level 8, -1/36 HPs)
             Began as a Spriggan Enchanter on June 6, 2019.
             Was an Initiate of Gozag.
             Slain by a centaur warrior (10 damage)
             ... in the Dungeon (Sprint I: "Red Sonja").
             The game lasted 00:03:56 (587 turns).

wilfster70 the Unseen (Spriggan Enchanter)           Turns: 587, Time: 00:03:56

Health: -1/36      AC:  3    Str:  4    XL:     8   Next: 52%
Magic:  9/20       EV: 18    Int: 16    God:    Gozag
Gold:   749        SH:  7    Dex: 19    Spells: 16/22 levels left

rFire    . . .     SeeInvis +   a - +1 dagger
rCold    . . .     Gourm    .   c - +0 buckler
rNeg     . . .     Faith    .   b - +0 robe
rPois    .         Spirit   .   (helmet restricted)
rElec    .         Reflect  .   l - +0 cloak
rCorr    .         Harm     .   (gloves unavailable)
MR       +....     NoTele   +   (boots unavailable)
Stlth    +++++++...             (no amulet)
HPRegen  0.12/turn              (no ring)
MPRegen  0.17/turn              (no ring)

@: very quick
A: very small, unfitting armour, see invisible, herbivore, speed 3, slow
metabolism 2
a: Potion Petition, Call Merchant, Bribe Branch, Renounce Religion


You were in the Dungeon.
You worshipped Gozag.
Gozag was pleased with you.
You were not hungry.

You visited 1 branch You collected 803 gold pieces.
You spent 54 gold pieces at shops.

Inventory:

Hand Weapons
 a - a +1 dagger (weapon)
Missiles
 i - 8 curare-tipped needles
Armour
 b - a +0 robe (worn)
 c - a +0 buckler (worn)
 l - a +0 cloak (worn)
Wands
 k - a wand of random effects (19)
Scrolls
 j - a scroll of blinking
 m - a scroll of remove curse {unknown}
Potions
 e - a potion of curing
 f - a potion of heal wounds
 g - a potion of haste
 h - 2 potions of magic
Comestibles
 d - a ration


   Skills:
 + Level 6.5 Short Blades
 - Level 3.0 Dodging
 + Level 19.3 Stealth
 - Level 4.5 Shields
 + Level 7.8 Spellcasting
 * Level 10.8 Hexes


You had 16 spell levels left.
You knew the following spells:

 Your Spells              Type           Power        Failure   Level  Hunger
a - Corona                Hex            #####..      1%          1    None
b - Ensorcelled Hibernat  Hex/Ice        ###...       2%          2    None
c - Confuse               Hex            #####...     1%          3    ##.....

Your spell library contained the following spells:

 Spells                   Type           Power        Failure   Level  Hunger
 Tukima's Dance           Hex            #####...     1%          3    ##.....
 Dazzling Spray           Conj/Hex       ###...       4%          3    ##.....


Dungeon Overview and Level Annotations

Branches:
Dungeon (1/1)

Altars:
Cheibriados
Dithmenos
Elyvilon
Fedhas
Gozag
Hepliaklqana
Kikubaaqudgha
Nemelex Xobeh
Okawaru
Qazlal
Ru
Sif Muna
Trog
Uskayaw
Vehumet
Wu Jian
Yredelemnul
Zin
The Shining One

Shops:
D }[[


Innate Abilities, Weirdness & Mutations

You are very small and have problems with some larger weapons.
You are too small for most types of armour.
You have supernaturally acute eyesight. (SInv)
You are a herbivore.
You cover ground extremely quickly.
You need to consume almost no food.


Message History

The centaur warrior unwields a +0 shortbow.
You block the centaur warrior's attack. The centaur warrior barely misses you.
Casting: Ensorcelled Hibernation (safe; 2% risk of failure)
Confirm with . or Enter, or press ? or * to list all spells.
Aiming: Ensorcelled Hibernation (safe; 2% risk of failure)
Press: ? - help, Shift-Dir - straight line, f/p - centaur warrior
Aim: a centaur warrior (purple smoke, chance to defeat MR: 35%)
The centaur warrior easily resists.
You block the centaur warrior's attack.
The centaur warrior hits you but does no damage.
The centaur warrior barely misses you.
Casting: Ensorcelled Hibernation (safe; 2% risk of failure)
Confirm with . or Enter, or press ? or * to list all spells.
Aiming: Ensorcelled Hibernation (safe; 2% risk of failure)
Press: ? - help, Shift-Dir - straight line, f/p - centaur warrior
Aim: a centaur warrior (purple smoke, chance to defeat MR: 35%)
The centaur warrior easily resists.
The centaur warrior hits you.
* * * LOW HITPOINT WARNING * * *
The centaur warrior misses you. The centaur warrior hits you!
You die...
Your body crumbles into a pile of gold.

.#.['..#.)...# $$ $$
.'..#.)...#..+ $$ $
.#####'#####'# ### $ $
.####..#...#.####!( $
$
.#__####..##(#§≈§§§#$$
$ .#_____##'#_.+§§§c§+
$ ⌠#_.∩..†').._#§§§c§
$$ $$
##_..__##_.#'##c###
$#_____###'#.#§c@[###
$
##########.####'###.##
$
^.......'...'.....'.∩#
$$
#++++####...##########
$ $$ $ ##.## $


$$$$$ $#+#$ $ $$$$$ $ $ $ $$$$$ $ $ $$$ You could see 2 centaur warriors.

Vanquished Creatures
  Sonja (D)
  A deep troll (D)
  Sigmund (D)
  A yak (D)
  An ogre (D)
  A jelly (D)
  Ijyb (D)
7 creatures vanquished.

Notes
Turn   | Place    | Note
-------+----------+-------------------------------------------
     0 | D        | wilfster70 the Spriggan Enchanter began the quest for the
                  | Orb.
     0 | D        | Reached XP level 1. HP: 9/9 MP: 5/5
     3 | D        | Noticed Ijyb
    13 | D        | Killed Ijyb
    13 | D        | Reached skill level 10 in Stealth
    13 | D        | Reached XP level 2. HP: 13/13 MP: 6/6
    21 | D        | Learned a level 2 spell: Ensorcelled Hibernation
    80 | D        | Noticed an ogre
    83 | D        | Killed an ogre
    83 | D        | Reached skill level 14 in Stealth
    83 | D        | Reached XP level 3. HP: 16/16 MP: 8/8
    83 | D        | Reached XP level 4. HP: 21/21 MP: 9/9
    88 | D        | Learned a level 3 spell: Confuse
    96 | D        | Noticed Sigmund
    99 | D        | Killed Sigmund
    99 | D        | Reached skill level 17 in Stealth
    99 | D        | Reached XP level 5. HP: 24/24 MP: 10/10
   111 | D        | Found a deep blue altar of Sif Muna.
   112 | D        | Found an ornate altar of the Wu Jian Council.
   113 | D        | Found a radiant altar of Vehumet.
   141 | D        | Reached skill level 18 in Stealth
   141 | D        | Reached XP level 6. HP: 19/28 MP: 2/11
   273 | D        | Found Zetyikamp's Antique Armour Emporium.
   273 | D        | Found an ancient bone altar of Kikubaaqudgha.
   273 | D        | Found a hazy altar of Hepliaklqana.
   273 | D        | Found a stormy altar of Qazlal.
   273 | D        | Found a hide-covered altar of Uskayaw.
   273 | D        | Found a blossoming altar of Fedhas.
   273 | D        | Found a bloodstained altar of Trog.
   273 | D        | Found an iron altar of Okawaru.
   273 | D        | Found a basalt altar of Yredelemnul.
   273 | D        | Found a glowing golden altar of the Shining One.
   273 | D        | Found a snail-covered altar of Cheibriados.
   273 | D        | Found a sacrificial altar of Ru.
   273 | D        | Found a glowing silver altar of Zin.
   273 | D        | Found a shadowy altar of Dithmenos.
   273 | D        | Found a white marble altar of Elyvilon.
   273 | D        | Noticed a yak
   274 | D        | Found an opulent altar of Gozag.
   275 | D        | Killed a yak
   276 | D        | Found a sparkling altar of Nemelex Xobeh.
   291 | D        | Became a worshipper of Gozag Ym Sagoz the Greedy
   309 | D        | Noticed Sonja
   359 | D        | Killed Sonja
   359 | D        | Reached skill level 5 in Short Blades
   359 | D        | Reached XP level 7. HP: 32/32 MP: 12/18
   359 | D        | Reached XP level 8. HP: 36/36 MP: 12/19
   367 | D        | Noticed a deep troll
   395 | D        | Killed a deep troll
   395 | D        | Reached skill level 19 in Stealth
   395 | D        | Reached skill level 10 in Hexes
   524 | D        | Found Bod Duve's Gadget Boutique.
   549 | D        | Found Tetzoz's Armour Emporium.
   554 | D        | Bought a +0 cloak for 54 gold pieces
   576 | D        | Noticed a centaur warrior
   576 | D        | Noticed a centaur warrior
   587 | D        | Slain by a centaur warrior

Skill      XL: |  1  2  3  4  5  6  7  8 |
---------------+-------------------------+-----
Stealth        | 10 14 17 18 19 | 19.3
Short Blades   | 2 5 6 |  6.5
Spellcasting   | 3 6 7 |  7.8
Hexes          | 4 9 10 | 10.8
Shields        | 3 4 |  4.5
Dodging        | |  3.0

Action                   |  1- 3 |  4- 6 |  7- 9 || total
-------------------------+-------+-------+-------++-------
Melee: Dagger            |     8 |     5 |     1 ||    14
 Cast: Ensorcelled Hiber |       |     6 |    13 ||    19
  Use: Potion            |     1 |       |       ||     1
 Stab: Sleeping          |     2 |     4 |     1 ||     7
Armor: Robe              |       |       |     1 ||     1
Dodge: Dodged            |     3 |     7 |     8 ||    18
Block: Buckler           |       |       |     3 ||     3
